 Dungeon Crawl Stone Soup version 0.20.1-1-g8b1a95d (webtiles) character file.

27 Monsterracer the Chopper (level 2, 0/24 HPs)
             Began as a Draconian Warper on Aug 9, 2017.
             Slain by Grinder (6 damage)
             ... on level 3 of the Dungeon.
             The game lasted 00:02:12 (1363 turns).

Monsterracer the Chopper (Draconian Warper)         Turns: 1363, Time: 00:02:13

Health: 0/24       AC:  5    Str: 13    XL:     2   Next: 93%
Magic:  5/5        EV: 12    Int: 13    God:
Gold:   6          SH:  0    Dex: 10    Spells: 3/5 levels left

rFire    + . .     SeeInvis .   a - +0 hand axe
rCold    + . .     Gourm    .   (no shield)
rNeg     . . .     Faith    .   (armour unavailable)
rPois    +         Spirit   .   (helmet restricted)
rElec    +         Reflect  .   (no cloak)
rCorr    +         Harm     .   k - +0 pair of gloves
MR       .....                  (no boots)
Stlth    +.........             (no amulet)
Regen    0.1/turn               (no ring)
MPRegen  0.1/turn               (no ring)

@: resistant
A: unfitting armour, cold-blooded, AC +4
a: no special abilities


You were on level 3 of the Dungeon.
You were not hungry.

You visited 1 branch of the dungeon, and saw 3 of its levels.

You collected 6 gold pieces.

Inventory:

Hand Weapons
 a - a +0 hand axe (weapon)
 i - a cursed -1 spear
Missiles
 d - 5 tomahawks of dispersal (quivered)
Armour
 k - a +0 pair of gloves (worn)
Scrolls
 c - a scroll of blinking
 g - a scroll of teleportation {unknown}
 j - 3 scrolls of remove curse {unknown}
Potions
 n - a potion of heal wounds
Books
 b - a book of Spatial Translocations

   Spells                             Type                      Level
   a - Blink                          Translocation                2
   b - Shroud of Golubria             Charms/Translocation         2
   c - Lesser Beckoning               Translocation                3
   d - Gell's Gravitas                Translocation                3
   e - Teleport Other                 Translocation                3
   f - Passage of Golubria            Translocation                4
Comestibles
 f - a bread ration
 h - 2 royal jellies


   Skills:
 - Level 2.1 Fighting
 + Level 3.4 Axes
 - Level 0.8 Throwing
 - Level 2.1 Dodging
 - Level 2.0 Spellcasting
 - Level 3.0 Translocations


You had 3 spell levels left.
You knew the following spells:

 Your Spells              Type           Power        Failure   Level  Hunger
a - Blink                 Tloc           N/A          11%         2    ###....


Dungeon Overview and Level Annotations

Branches:
Dungeon (3/15)

Altars:

Annotations:
D:3 Grinder


Innate Abilities, Weirdness & Mutations

Your plain brown scales are hard. (AC +4)
You cannot fit into any form of body armour.
You are cold-blooded and may be slowed by cold attacks.


Message History

* * * LOW HITPOINT WARNING * * *
The bat hits you but does no damage.
Huge Dmg: -54%(-13hp) hp: 46%(11hp)
You hit Grinder.
Grinder is lightly wounded.
You hit the goblin. You closely miss the bat. The bat misses you.
Grinder barely misses you. The goblin hits you but does no damage.
You barely miss Grinder.
Your tail-slap misses Grinder.
Grinder is lightly wounded.
You hit the bat. You closely miss the goblin. The bat closely misses you.
Grinder barely misses you. The goblin misses you.
You barely miss Grinder.
Grinder is lightly wounded.
You closely miss the goblin. The bat misses you. Grinder gestures at you.
You struggle to resist.
The goblin hits you but does no damage. Grinder hits you.
* * * LOW HITPOINT WARNING * * *
You writhe in agony.
You die...

##### ## ....
#=. #.. ##
..##5# .#
#...#.#@###...#
......g......S.
....#.#<#b...$.
## ...#.#.##.##
#..# ..# # #
#.. ...# #.
..... . .#....
......#


You could see Grinder, a goblin, a bat and a ball python (wandering).

Vanquished Creatures
  A worm (D:2)
  A leopard gecko (D:2)
  4 bats (D:1)
  2 goblins
  4 hobgoblins
  3 jackals
  4 kobolds
  3 rats (D:1)
22 creatures vanquished.

Notes
Turn   | Place    | Note
-------+----------+-------------------------------------------
     0 | D:1      | Monsterracer the Draconian Warper began the quest for the Orb.
     0 | D:1      | Reached XP level 1. HP: 17/17 MP: 3/3
   264 | D:1      | HP: 8/17 [jackal (3)]
   270 | D:1      | HP: 6/17 [jackal (2)]
   275 | D:1      | Reached XP level 2. HP: 5/24 MP: 5/5
   280 | D:1      | HP: 5/24 [jackal (1)]
   289 | D:2      | HP: 2/24 [leopard gecko (2)]
   579 | D:1      | Learned a level 2 spell: Blink
   748 | D:1      | You fall through a shaft!
   808 | D:2      | HP: 10/24 [worm (6)]
  1341 | D:3      | Noticed Grinder
  1360 | D:3      | HP: 11/24 [Grinder/nerve-wracking pain (13)]
  1363 | D:3      | Slain by Grinder

Skill      XL: |  1  2 |
---------------+-------+-----
Axes           | 3 |  3.4
Fighting       | |  2.1
Throwing       | |  0.8
Dodging        | |  2.1
Spellcasting   | |  2.0
Translocations | |  3.0

Action                   || total
-------------------------++-------
Melee: Hand axe          ||    82
       Tailslap          ||     7
  Use: Potion            ||     4
  Eat: Chunk             ||     1
Armor: Skin              ||    40
Dodge: Dodged            ||    82
